Map: 大气2000-天梯版

Players

iGMacSed (MacSed) - Winner!

  • Race: Protoss Protoss
  • League: Grandmaster

iGXY (XY)

  • Race: Terran Terran

Event: DreamHack SC2 Masters 2021 Fall

VOD

Have the link to the VOD?

Description

Time

  • Played on: Aug. 5, 2021, 9:27 a.m.
  • Length: 10:17

All games in this series

Show
View Real Time Build Order
Export as new Build Order

iGMacSed Protoss - Winner!

Build Orders: Blink Stalkers, Colossus Rush 

Get SALT Encoding   

  12  0:00  Probe  
  13  0:12  Probe  
  14  0:17  Pylon  
  14  0:24  Probe (Chrono Boost)  
  15  0:36  Gateway, Probe (Chrono Boost)  
  16  0:44  Probe (Chrono Boost)  
  16  0:46  Assimilator  
  17  0:50  Probe  
  18  1:03  Probe  
  19  1:15  Probe  
  20  1:23  Cybernetics Core  
  20  1:36  Probe  
  20  1:39  Pylon  
  21  1:50  Nexus  
  21  1:52  Assimilator  
  21  1:55  Probe  
  21  1:58  Adept (Chrono Boost)  
  24  2:03  Warp Gate  
  24  2:07  Probe  
  25  2:19  Probe (Chrono Boost)  
  26  2:29  Twilight Council  
  26  2:31  Probe (Chrono Boost)  
  27  2:39  Stalker, Probe (Chrono Boost)  
  30  2:45  Probe  
  30  2:49  Gateway  
  31  2:57  Blink (Chrono Boost)  
  31  3:02  Probe x2  
  33  3:14  Probe x2  
  35  3:26  Robotics Facility, Probe  
  35  3:27  Probe  
  37  3:35  Gateway  
  37  3:36  Gateway  
  37  3:38  Probe  
  38  3:44  Probe  
  39  3:48  Pylon  
  39  3:51  Probe  
  39  3:53  Stalker x2  
  44  3:56  Probe  
  45  4:03  Probe  
  45  4:04  Pylon  
  45  4:07  Pylon  
  45  4:08  Probe  
  47  4:14  Observer  
  48  4:18  Stalker  
  48  4:20  Stalker  
  48  4:21  Probe x2  
  48  4:23  Assimilator  
  54  4:27  Assimilator  
  54  4:32  Stalker  
  54  4:33  Stalker  
  54  4:35  Probe  
  59  4:39  Pylon  
  59  4:44  Probe  
  60  4:46  Warp Prism (Chrono Boost)  
  60  4:50  Probe  
  63  4:54  Stalker  
  65  5:06  Robotics Bay  
  65  5:08  Probe  
  65  5:09  Forge, Probe  
  67  5:22  Nexus  
  67  5:34  Probe  
  68  5:36  Pylon  
  68  5:41  Protoss Ground Weapons Level 1  
  69  5:42  Observer (Chrono Boost)  
  69  5:43  Probe  
  69  5:44  Charge  
  69  5:46  Probe  
  71  5:59  Pylon, Colossus (Chrono Boost)  
  71  6:02  Extended Thermal Lance  
  75  6:18  Gateway  
  75  6:19  Gateway  
  75  6:22  Gateway  
  75  6:24  Shield Battery, Gateway  
  75  6:25  Sentry x2  
  79  6:34  Colossus (Chrono Boost)  
  79  6:35  Zealot x2  
  89  6:40  Observer, Probe x2  
  89  6:42  Probe  
  92  6:52  Pylon, Probe  
  92  6:53  Probe  
  94  6:58  Probe  
  95  7:04  Zealot x4  
  95  7:07  Shield Battery  
  103  7:08  Shield Battery  
  102  7:17  Colossus (Chrono Boost)  
  102  7:18  Sentry, Zealot x2  
  114  7:29  Zealot  
  116  7:32  Pylon  
  116  7:35  Pylon  
  116  7:37  Pylon  
  114  7:42  Zealot x2  
  114  7:43  Zealot x3  
  110  7:51  Zealot x2  
  110  7:52  Zealot  
  88  8:07  Colossus (Chrono Boost), Zealot x5  
  102  8:15  Templar Archives  
  102  8:20  Probe x2  
  102  8:23  Pylon  
  102  8:24  Assimilator  
  104  8:28  Probe  
  104  8:32  Sentry  
  107  8:34  Zealot x4  
  107  8:37  Probe  
  116  8:44  Probe x2  
  118  8:53  High Templar x2, Zealot  
  124  8:57  Archon  
  124  9:02  High Templar x2  
  126  9:03  Zealot x3  
  126  9:07  Archon  
  134  9:13  Nexus  
  132  9:26  Stalker x6  
  144  9:33  Pylon  
  136  9:48  Zealot x2  
  136  9:49  Zealot x5  
  146  9:53  Pylon  
  132  10:00  Zealot  
  112  10:08  Stalker x2  
  112  10:09  Zealot x3  
  112  10:10  Zealot x2  
Show
View Real Time Build Order
Export as new Build Order

iGXY Terran 

Build Orders:  

Get SALT Encoding   

  12  0:00  SCV  
  13  0:12  SCV  
  14  0:17  Supply Depot  
  14  0:24  SCV  
  15  0:39  SCV, Barracks  
  16  0:44  Refinery  
  16  0:51  SCV  
  17  1:03  SCV  
  18  1:11  Engineering Bay  
  18  1:15  SCV  
  19  1:28  Marine, Orbital Command  
  20  1:35  Engineering Bay  
  20  1:49  Barracks Reactor  
  20  1:50  Command Center  
  20  1:54  SCV  
  21  2:04  Factory  
  21  2:10  Supply Depot  
  21  2:12  SCV  
  22  2:20  Bunker  
  22  2:25  SCV  
  23  2:31  Marine x2  
  23  2:35  Refinery  
  23  2:37  SCV  
  26  2:49  SCV  
  26  2:50  Starport, Factory Tech Lab  
  27  2:57  Marine x2  
  29  3:01  SCV  
  30  3:07  Orbital Command  
  30  3:13  SCV  
  30  3:15  Marine x2  
  30  3:16  Factory Tech Lab  
  33  3:25  SCV  
  34  3:31  Supply Depot  
  36  3:35  SCV  
  36  3:36  Raven  
  36  3:37  Marine x2, SCV  
  40  3:48  SCV  
  41  3:53  Supply Depot  
  41  3:54  Marine, SCV  
  41  3:55  Marine  
  44  4:00  SCV  
  44  4:01  Siege Tank  
  48  4:06  SCV  
  49  4:10  Barracks  
  49  4:11  Barracks  
  49  4:12  Marine  
  49  4:13  SCV  
  51  4:20  SCV  
  51  4:23  Marine  
  53  4:26  Supply Depot  
  53  4:30  Marine  
  54  4:32  SCV  
  54  4:38  Siege Tank  
  58  4:39  Starport Tech Lab  
  58  4:41  Marine, Engineering Bay  
  58  4:43  SCV  
  61  4:45  SCV  
  61  4:48  Marine  
  61  4:51  Refinery x2  
  62  4:55  SCV  
  62  4:57  SCV  
  64  5:03  Supply Depot  
  64  5:05  Marine, Stimpack  
  64  5:06  Marine x2  
  68  5:07  SCV  
  68  5:12  SCV  
  69  5:16  Supply Depot x2  
  69  5:19  SCV, Siege Tank  
  73  5:21  Marine  
  73  5:23  Marine  
  73  5:24  SCV  
  73  5:25  Combat Shield  
  76  5:31  SCV  
  77  5:36  Marine x2, SCV  
  77  5:37  Starport Reactor  
  77  5:41  Terran Infantry Weapons Level 1  
  80  5:44  Marauder x2  
  80  5:49  Supply Depot  
  84  5:52  Siege Tank  
  84  5:57  Marine x2  
  86  6:07  SCV x2  
  86  6:14  Marine x2  
  86  6:15  Viking  
  90  6:24  Siege Tank  
  93  6:29  SCV  
  93  6:30  SCV  
  93  6:31  Marine, Marauder  
  93  6:32  Marine, Medivac  
  98  6:33  Marauder  
  101  6:45  Medivac  
  103  6:49  Marine  
  103  6:50  Marine  
  103  6:51  SCV x2  
  103  6:52  Marauder  
  103  6:53  Concussive Shells  
  109  6:59  Marauder  
  111  7:04  Supply Depot, SCV  
  111  7:05  SCV  
  113  7:11  Marine x2  
  113  7:12  Command Center  
  113  7:13  Siege Tank  
  118  7:19  Marauder  
  118  7:20  Supply Depot  
  120  7:31  SCV x2  
  122  7:43  SCV  
  87  8:00  Marine x2, Marauder x2  
  87  8:01  SCV, Siege Tank  
  87  8:02  SCV  
  82  8:11  Medivac x2  
  78  8:14  SCV x2  
  78  8:15  Terran Infantry Armor Level 1  
  78  8:16  Barracks x2  
  78  8:18  Marine x2  
  82  8:21  Marauder x2  
  82  8:24  Orbital Command  
  82  8:26  SCV x2, Missile Turret  
  88  8:33  Siege Tank  
  91  8:35  Marine  
  91  8:36  Marine  
  91  8:38  SCV x2  
  92  8:43  Medivac x2, Marauder x2  
  100  8:53  Marine x2  
  102  9:02  SCV x2  
  104  9:04  Refinery, Marauder x2  
  104  9:05  Supply Depot, Siege Tank  
  111  9:12  Barracks Tech Lab  
  111  9:13  Barracks Reactor, Marine x2  
  111  9:14  SCV x2  
  115  9:20  Viking  
  117  9:25  Viking, Marauder  
  117  9:26  SCV x2, Marauder  
  117  9:30  Supply Depot  
  117  9:31  Marine  
  125  9:32  Supply Depot  
  115  9:38  SCV x2  
  115  9:40  SCV  
  115  9:43  Marine, Marauder  
  119  9:47  Marauder x2  
  119  9:48  Marine  
  119  9:51  SCV x2  
  119  9:52  Marine, SCV  

Tags
 
Add a new tag
Caveats
  • Supply blocks, unpowered buildings, or Contaminate may cause inaccurate times.
  • Supply counts are checked every 10 seconds.